 Dungeon Crawl Stone Soup version 0.30.1-11-g7821555f0a (webtiles) character file.

Game seed: 6841446712731490519

708 lonewolfV2 the Covered (level 7, -7/52 HPs)
             Began as a Demonspawn Fighter on Oct 30, 2023.
             Mangled by an ogre
             ... wielding a +0 giant club
              (25 damage)
             ... on level 5 of the Dungeon.
             The game lasted 00:05:58 (4557 turns).

lonewolfV2 the Covered (Demonspawn Fighter)         Turns: 4557, Time: 00:05:58

Health: -7/52      AC:  7    Str: 16    XL:     7   Next: 40%
Magic:  7/7        EV: 12    Int:  9    God:
Gold:   503        SH:  0    Dex: 15    Spells: 6/6 levels left

rFire   + . .        a - +0 war axe
rCold   . . .        (no shield)
rNeg    . . .        b - +0 scale mail
rPois   .            (no helmet)
rElec   .            (no cloak)
rCorr   .            (no gloves)
SInv    .            (no boots)
Will    .....        (no amulet) Stlth
                     g - ring of protection from fire
HPRegen 0.28/turn    (no ring)
MPRegen 0.10/turn

%: no passive effects
@: no status effects
A: powered by death 1, demonic magic 2, demonic touch 1
a: no special abilities


You were on level 5 of the Dungeon.
You visited 1 branch of the dungeon, and saw 5 of its levels.

You collected 503 gold pieces.

Inventory:

Hand Weapons
 a - a +0 war axe (weapon)
Armour
 b - a +0 scale mail (worn)
 c - a +0 buckler
Jewellery
 g - a ring of protection from fire (left hand)
Wands
 d - a wand of iceblast (13)
Scrolls
 i - 3 scrolls of teleportation
 n - a scroll of vulnerability {unknown}
Potions
 e - 2 potions of heal wounds
 f - 4 potions of degeneration
 h - a potion of attraction {unknown}
 j - 2 potions of curing {unknown}
 k - 2 potions of haste {unknown}
 l - 2 potions of ambrosia
 m - 2 potions of might


   Skills:
 - Level 3.0 Fighting
 - Level 1.7 Axes
 + Level 5.5 Armour
 + Level 5.5 Dodging
 - Level 2.6 Shields


You had 6 spell levels left.
You didn't know any spells.
Your spell library contained the following spells:

 Spells                   Type           Power      Damage    Failure   Level
 Blink                    Tloc           0%         N/A       89%         2
 Lesser Beckoning         Tloc           0%         N/A       89%         2
 Momentum Strike          Conj/Tloc      0%         3d8       89%         2
 Gell's Gravitas          Tloc           0%         N/A       98%         3
 Teleport Other           Tloc           0%         N/A       98%         3


Dungeon Overview and Level Annotations

Branches:
Dungeon (5/15)
 Temple: D:4-7

Altars:
Cheibriados
Kikubaaqudgha
Ru

Shops:
D:4 [![

Annotations:
D:5 Prince Ribbit


Innate Abilities, Weirdness & Mutations

You regenerate a little health from kills.
Spells you cast may paralyse nearby enemies.
Your touch may inflict minor irresistible damage on your foes.


Message History

l - 2 potions of ambrosia (gained 1)
i - 3 scrolls of teleportation (gained 1)
j - 2 emerald potions (gained 1)
You now have 503 gold pieces (gained 11).
Found a stone staircase leading down.
There is a stone staircase leading down here.
Prince Ribbit comes into view.
Prince Ribbit gives a loud, deep croak!
Prince Ribbit croaks regally.
Prince Ribbit is nearby!
Prince Ribbit completely misses you.
You slash Prince Ribbit!
You touch Prince Ribbit.
Prince Ribbit is heavily wounded.
Prince Ribbit blinks!
An ogre comes into view. It is wielding a +0 giant club.
The ogre shouts!
You hear a shout!
Found Great Wizards, Vol.
VII.
Prince Ribbit barely misses you.
You hit Prince Ribbit.
Prince Ribbit is heavily wounded.
Prince Ribbit hits you but does no damage.
Prince Ribbit hits you!
You closely miss Prince Ribbit.
Prince Ribbit is heavily wounded.
Prince Ribbit hits you but does no damage.
The ogre closely misses you.
You miss Prince Ribbit. Your touch misses Prince Ribbit.
Prince Ribbit is heavily wounded.
You hit the ogre. Prince Ribbit hits you!
Prince Ribbit blinks!
The ogre barely misses you.
You miss Prince Ribbit. Your touch misses Prince Ribbit.
Prince Ribbit is heavily wounded.
Prince Ribbit barely misses you. Prince Ribbit hits you.
The ogre barely misses you.
You completely miss Prince Ribbit.
Prince Ribbit is heavily wounded.
You barely miss the ogre. Prince Ribbit hits you.
Prince Ribbit barely misses you.
The ogre hits you with a +0 giant club!!
You die...

..............##.#
(.............##.#
..............##.#
#######.......##.#
..##############.#
......# #.# #...#.#
#.# ###.#.# #O# #
#.#.# #@# # #...# #F#
# ##..# #.#
####..####### #.#
............####.#
####..#####....#.####
......# ####.....>#
####.## ######.#
#.### #.#


You could see Prince Ribbit and an ogre.

Vanquished Creatures
  2 ogres (D:4)
  A phantom (D:4)
  A howler monkey (D:4)
  2 hounds (D:4)
  A jelly (D:4)
  2 orc priests
  Ijyb (D:4)
  2 iguanas
  An orc wizard (D:4)
  4 gnolls (D:2)
  3 adders
  An ufetubus (D:5)
  2 worms (D:2)
  4 dart slugs
  17 orcs
  10 ball pythons
  8 endoplasms
  5 giant cockroaches
  2 goblins
  6 hobgoblins
  2 jackals (D:1)
  2 quokkas
  4 bats
  3 frilled lizards
  14 kobolds
  5 rats
105 creatures vanquished.

Notes
Turn   | Place    | Note
-------+----------+-------------------------------------------
     0 | D:1      | lonewolfV2 the Demonspawn Fighter began the quest for the
                  | Orb.
     0 | D:1      | Reached XP level 1. HP: 18/18 MP: 1/1
    59 | D:1      | Reached skill level 1 in Dodging
    83 | D:1      | Gained mutation: Your touch may inflict minor irresistible
                  | damage on your foes. [demonic ancestry]
    83 | D:1      | Reached XP level 2. HP: 19/24 MP: 2/2
   809 | D:1      | Gained mutation: You regenerate a little health from kills.
                  | [demonic ancestry]
   809 | D:1      | Reached XP level 3. HP: 22/29 MP: 3/3
   945 | D:2      | HP: 1/29 [orc/+0 club (3)]
   955 | D:2      | Reached XP level 4. HP: 28/35 MP: 4/4
  1969 | D:3      | Reached XP level 5. HP: 31/41 MP: 5/5
  2207 | D:3      | Found a faded altar of an unknown god.
  2794 | D:3      | Found an ancient bone altar of Kikubaaqudgha.
  2890 | D:4      | Noticed an ogre
  2896 | D:4      | Killed an ogre
  2897 | D:4      | Gained mutation: Spells you cast may paralyse adjacent
                  | enemies. [demonic ancestry]
  2897 | D:4      | Reached XP level 6. HP: 17/47 MP: 6/6
  3120 | D:4      | Found a snail-covered altar of Cheibriados.
  3242 | D:4      | Found Pothro's Antique Armour Boutique.
  3258 | D:4      | Noticed Ijyb
  3271 | D:4      | Killed Ijyb
  3442 | D:4      | Reached skill level 5 in Armour
  3449 | D:4      | Reached skill level 5 in Dodging
  3449 | D:4      | Gained mutation: Spells you cast may paralyse nearby
                  | enemies. [demonic ancestry]
  3449 | D:4      | Reached XP level 7. HP: 48/52 MP: 7/7
  3651 | D:4      | Found a sacrificial altar of Ru.
  3706 | D:4      | Found Rykuinlo's Distillery.
  3722 | D:4      | Found Egriluof's Armour Shop.
  4292 | D:5      | Entered Level 5 of the Dungeon
  4544 | D:5      | Noticed Prince Ribbit
  4557 | D:5      | Mangled by an ogre

Illustrated notes

Levels and vault maps discovered:
D:1:      lightli_molten_gateway, layout_loops_ring, chequers_hall_statues_y
D:2:      cheibrodos_pilgrimage, layout_loops_ring
D:3:      layout_basic, general_overflow_altar, serial_rivers,
          chequers_serial_rivers_micro_a, chequers_serial_rivers_small_3,
          chequers_serial_rivers_small_3, chequers_serial_rivers_small_b,
          chequers_serial_rivers_small_3, chequers_serial_rivers_micro_a,
          hellmonk_ecumenical_altar_lost_god, kennysheep_orc_chapel
D:4:      minmay_opposing_rooms, layout_basic,
          nicolae_ru_great_annihilating_truth, elyvilon_altar_1,
          kennysheep_slug_shrine, serial_shops, shop,
          nicolae_shop_tiny_waterfront, nicolae_shop_industrial_runoff,
          minmay_liquid_box, st_stairs_13, uniq_ijyb
D:5:      layout_basic, uniq_prince_ribbit1

Skill      XL: |  1  2  3  4  5  6 |
---------------+-------------------+-----
Dodging        | 1 2 3 4 5 |  5.5
Armour         | 3 4 5 |  5.5
Fighting       | |  3.0
Axes           | |  1.7
Shields        | |  2.6

Action                     |  1- 3 |  4- 6 |  7- 9 || total
---------------------------+-------+-------+-------++-------
  Melee: War axe           |    95 |   143 |    49 ||   287
         Touch             |       |    20 |     7 ||    27
         Punch             |       |     1 |     2 ||     3
    Use: Scroll            |     2 |     6 |       ||     8
         Potion            |     1 |       |       ||     1
   Stab: Paralysed         |       |       |     2 ||     2
 Armour: Scale mail        |    40 |    55 |    26 ||   121
  Dodge: Dodged            |    37 |   108 |    46 ||   191
  Block: Buckler           |    22 |     7 |       ||    29
